 Dungeon Crawl Stone Soup version 0.25-a0-566-g062765be81 (webtiles) character file.

Game seed: 298689937315713895, levelgen mode: deterministic

323 MisterFreud the Ruffian (level 6, 0/55 HPs)
             Began as a Troll Hunter on Feb 27, 2020.
             Slain by Duvessa
             ... wielding a +5 rapier of electrocution
              (8 damage)
             ... on level 4 of the Dungeon.
             The game lasted 00:03:52 (2525 turns).

MisterFreud the Ruffian (Troll Hunter)              Turns: 2525, Time: 00:03:53

Health: 0/55       AC:  6    Str: 23    XL:     6   Next: 23%
Magic:  5/5        EV: 10    Int: 11    God:
Gold:   300        SH:  0    Dex: 10    Spells: 5/5 levels left

rFire    . . .     SeeInvis .     - Unarmed
rCold    . . .     Gourm    +   (no shield)
rNeg     . . .     Faith    .   b - +0 robe
rPois    .         Spirit   .   (helmet restricted)
rElec    .         Reflect  .   (no cloak)
rCorr    .         Harm     .   (gloves unavailable)
MR       .....                  (boots unavailable)
Stlth    +.........             s - amulet of the acrobat
HPRegen  0.58/turn              p - ring of flight
MPRegen  0.09/turn              r - +4 ring of intelligence

@: no status effects
A: large, unfitting armour, claws 3, fast metabolism 3, gourmand, regeneration
1, shaggy fur 1, tough skin 3
a: Evoke Flight


You were on level 4 of the Dungeon.
You were full.

You visited 1 branch of the dungeon, and saw 4 of its levels.

You collected 300 gold pieces.

Inventory:

Missiles
 c - 5 large rocks (quivered)
 d - 2 throwing nets
Armour
 b - a +0 robe (worn)
Jewellery
 p - a ring of flight (left claw)
 r - a +4 ring of intelligence (right claw)
 s - an amulet of the acrobat (around neck)
Wands
 u - a wand of polymorph (11)
Scrolls
 a - 3 scrolls of identify {unknown}
 e - 5 scrolls of remove curse {unknown}
 g - 4 scrolls of amnesia {unknown}
 h - 2 scrolls of teleportation {unknown}
 i - a scroll of enchant weapon {unknown}
 m - a scroll of blinking {unknown}
 n - a scroll of noise {unknown}
 o - a scroll of immolation {unknown}
Potions
 j - 2 potions of might {unknown}
 k - a potion of cancellation {unknown}
 l - a potion of heal wounds {unknown}
 q - a potion of invisibility {unknown}
 t - a potion of magic {unknown}
Comestibles
 f - 6 rations


   Skills:
 - Level 1.5 Fighting
 - Level 3.6 Throwing
 - Level 1.5 Dodging
 - Level 0.3 Stealth
 + Level 6.2 Unarmed Combat


You had 5 spell levels left.
You didn't know any spells.
Your spell library was empty.

Dungeon Overview and Level Annotations

Branches:
Dungeon (4/15)
 Temple: D:4-7

Altars:
Makhleb
Nemelex Xobeh
Ru
Uskayaw
Xom

Portals:
Abyss: D:3

Annotations:
D:3 2 transporters, srslyguys's ghost, amateur SpVM
D:4 Duvessa


Innate Abilities, Weirdness & Mutations

You are too large for most types of armour.
You have claws for hands.
Your metabolism is lightning-fast.
You like to eat raw meat.
Your natural rate of healing is unusually fast.
You are covered in fur. (AC +1)
You have extremely tough skin. (AC +3)


Message History

Duvessa is moderately wounded.
Duvessa hits you with a +5 rapier of electrocution!
You claw Duvessa!
Duvessa is heavily wounded.
Duvessa completely misses you.
You scratch Duvessa.
Duvessa is severely wounded.
Duvessa barely misses you.
You barely miss Duvessa.
Duvessa is severely wounded.
Duvessa misses you.
Duvessa hits you with a +5 rapier of electrocution!!
* * * LOW HITPOINT WARNING * * *
You scratch Duvessa but do no damage.
Duvessa is severely wounded.
Duvessa hits you but does no damage.
You claw Duvessa!
Duvessa is almost dead.
Duvessa hits you with a +5 rapier of electrocution!
You die...

..# #.....##### ..#
##.####....... #.#
#...# #####... #...#
#... #...# #.## #
#####...##### #.##
#.##...........###.#.
#..e)..............#.
#@..........###...
####......### #.#.
#....#.# #.#.
#....#.# #.##
#....#.# #.##
#.#.....# #..
#......## ####
######.# # #.#


You could see Duvessa (berserk).

Vanquished Creatures
  Dowan (D:4)
  A crimson imp (D:3)
  2 orc priests (D:3)
  Jessica (D:2)
  Terence (D:3)
  A hound skeleton (D:4)
  2 adders
  2 worms (D:2)
  4 dart slugs
  2 leopard geckos
  2 orcs (D:3)
  2 ball pythons
  2 giant cockroaches
  7 goblins
  8 hobgoblins
  4 jackals (D:4)
  12 bats
  3 frilled lizards
  11 kobolds
  22 rats
90 creatures vanquished.

Notes
Turn   | Place    | Note
-------+----------+-------------------------------------------
     0 | D:1      | MisterFreud the Troll Hunter began the quest for the Orb.
     0 | D:1      | Reached XP level 1. HP: 19/19 MP: 0/0
    25 | D:1      | Reached skill level 1 in Unarmed Combat
    68 | D:1      | Reached XP level 2. HP: 19/27 MP: 1/1
   169 | D:1      | Reached skill level 2 in Unarmed Combat
   437 | D:1      | Reached XP level 3. HP: 31/33 MP: 2/2
   713 | D:1      | Reached skill level 3 in Unarmed Combat
   950 | D:2      | Noticed Jessica
   954 | D:2      | Killed Jessica
   954 | D:2      | Reached XP level 4. HP: 40/41 MP: 3/3
  1093 | D:2      | Reached skill level 4 in Unarmed Combat
  1347 | D:2      | Found a sacrificial altar of Ru.
  1651 | D:3      | Noticed Terence
  1662 | D:3      | Killed Terence
  1662 | D:3      | Reached XP level 5. HP: 25/48 MP: 4/4
  1684 | D:3      | Reached skill level 5 in Unarmed Combat
  1842 | D:3      | Found a transporter.
  1846 | D:3      | Noticed a small abomination
  1997 | D:3      | Found a one-way gate to the infinite horrors of the Abyss.
  1997 | D:3      | Noticed srslyguys's ghost (amateur SpVM)
  2005 | D:3      | Found a transporter.
  2266 | D:3      | Found a shimmering altar of Xom.
  2266 | D:3      | Found a burning altar of Makhleb.
  2391 | D:4      | Found a hide-covered altar of Uskayaw.
  2396 | D:4      | Reached XP level 6. HP: 53/55 MP: 5/5
  2398 | D:4      | Noticed a +0 hand axe
  2399 | D:4      | Noticed a +0 hand axe
  2484 | D:4      | Found a sparkling altar of Nemelex Xobeh.
  2511 | D:4      | Noticed Dowan
  2512 | D:4      | Noticed Duvessa
  2518 | D:4      | Killed Dowan
  2518 | D:4      | Reached skill level 6 in Unarmed Combat
  2525 | D:4      | Slain by Duvessa

Levels and vault maps discovered:
D:1:      erik_arrival_orb_chamber, layout_basic
D:2:      layout_basic, nicolae_ru_path_of_blood, minmay_joined_circles,
          uniq_jessica
D:3:      layout_loops_cross, grunt_temple_overflow_champion_of_chaos,
          gammafunk_ghost_abyssal_escape, uniq_terence
D:4:      layout_loops_cross, old_standard_altar, dancing_weapons_uskayaw,
          minmay_temple_entry_hall, serial_rivers,
          chequers_serial_rivers_room_b, chequers_serial_rivers_small_3,
          chequers_serial_rivers_micro_d, chequers_serial_rivers_room_a,
          chequers_serial_rivers_marsh, uniq_ijyb, uniq_duvessa

Skill      XL: |  1  2  3  4  5  6 |
---------------+-------------------+-----
Unarmed Combat | 1 2 3 4 5 6 |  6.2
Fighting       | |  1.5
Throwing       | |  3.6
Dodging        | |  1.5
Stealth        | |  0.3

Action                   |  1- 3 |  4- 6 || total
-------------------------+-------+-------++-------
Melee: Unarmed           |    89 |   140 ||   229
       Short sword       |    16 |       ||    16
       Punch             |     1 |     2 ||     3
 Stab: Sleeping          |     1 |     1 ||     2
  Eat: Chunk             |    13 |    13 ||    26
Armor: Robe              |    52 |    29 ||    81
Dodge: Dodged            |    52 |    76 ||   128

Table legend:
 A = Non-vault XP
 B = Vault XP
 C = Vault XP percentage of total XP
 D = Non-vault monster count
 E = Vault monster count
 F = Vault count percentage of total count
                 A         B        C        D         E       F
            +---------+---------+-------+---------+---------+-------
      Total |     239 |     223 |  48.3 |      62 |      28 |  31.1
            +---------+---------+-------+---------+---------+-------
        D:1 |      44 |      12 |  21.4 |      23 |      12 |  34.3
        D:2 |      46 |      58 |  55.8 |      17 |      13 |  43.3
        D:3 |     123 |      84 |  40.6 |      17 |       2 |  10.5
        D:4 |      26 |      69 |  72.6 |       5 |       1 |  16.7
            +---------+---------+-------+---------+---------+-------
